Map: 엔디온 잔해

Players

llllllllllll - Winner!

  • Race: Protoss Protoss
  • League: Grandmaster

llllllllllll (Scarlett)

  • Race: Zerg Zerg
  • League: Grandmaster

VOD

Have the link to the VOD?

Description

Time

  • Played on: April 10, 2016, 4:20 a.m.
  • Length: 8:07
Show
View Real Time Build Order
Export as new Build Order

llllllllllll Protoss - Winner!

Build Orders: Nexus First, Mass Adepts 

Get SALT Encoding   

  12  0:00  Probe (Chrono Boost)  
  13  0:11  Probe (Chrono Boost)  
  14  0:19  Pylon  
  14  0:22  Probe (Chrono Boost)  
  15  0:37  Probe (Chrono Boost)  
  16  0:47  Probe (Chrono Boost)  
  17  0:54  Pylon  
  17  1:04  Nexus  
  17  1:12  Gateway  
  17  1:14  Probe (Chrono Boost)  
  18  1:21  Assimilator  
  18  1:25  Probe (Chrono Boost)  
  19  1:29  Assimilator  
  19  1:35  Probe (Chrono Boost)  
  20  1:41  Gateway  
  20  1:46  Probe (Chrono Boost)  
  21  1:56  Probe (Chrono Boost)  
  21  1:59  Cybernetics Core  
  22  2:04  Pylon  
  22  2:07  Probe (Chrono Boost)  
  23  2:20  Probe x2 (Chrono Boost)  
  27  2:30  Probe (Chrono Boost)  
  27  2:31  Probe (Chrono Boost)  
  27  2:34  Warp Gate (Chrono Boost)  
  27  2:36  Adept x2 (Chrono Boost)  
  31  2:42  Probe  
  32  2:44  Mothership Core (Chrono Boost)  
  32  2:50  Pylon  
  34  2:54  Probe (Chrono Boost)  
  35  3:05  Probe (Chrono Boost)  
  35  3:06  Probe (Chrono Boost)  
  36  3:13  Adept x2  
  36  3:16  Probe x2 (Chrono Boost)  
  42  3:27  Probe x2 (Chrono Boost)  
  44  3:29  Twilight Council  
  44  3:36  Probe (Chrono Boost)  
  44  3:37  Probe (Chrono Boost)  
  44  3:40  Adept x2  
  50  3:48  Gateway  
  50  3:51  Gateway  
  50  3:52  Probe  
  50  3:54  Probe  
  52  3:59  Pylon, Resonating Glaives (Chrono Boost)  
  52  4:04  Probe  
  52  4:06  Probe  
  54  4:17  Pylon, Adept x2 (Chrono Boost)  
  54  4:18  Probe  
  54  4:19  Probe  
  60  4:43  Nexus  
  60  4:46  Pylon  
  60  4:49  Adept  
  60  4:50  Adept  
  64  4:53  Adept x2  
  64  4:56  Probe (Chrono Boost)  
  64  4:58  Probe (Chrono Boost)  
  70  5:03  Pylon  
  70  5:07  Probe (Chrono Boost)  
  71  5:09  Gateway  
  71  5:10  Probe (Chrono Boost), Gateway  
  72  5:17  Probe (Chrono Boost)  
  74  5:22  Robotics Facility, Probe (Chrono Boost)  
  74  5:23  Forge  
  74  5:28  Probe (Chrono Boost)  
  75  5:33  Assimilator  
  75  5:34  Probe (Chrono Boost), Assimilator  
  76  5:38  Charge, Probe (Chrono Boost)  
  76  5:39  Pylon  
  77  5:46  Probe (Chrono Boost)  
  77  5:49  Probe (Chrono Boost)  
  79  5:50  Stalker  
  68  5:58  Probe (Chrono Boost)  
  68  5:59  Probe (Chrono Boost)  
  68  6:03  Adept x3  
  67  6:06  Adept x2  
  67  6:07  Observer  
  67  6:08  Protoss Ground Weapons Level 1 (Chrono Boost)  
  72  6:16  Adept  
  74  6:24  Warp Prism  
  74  6:25  Pylon  
  74  6:27  Probe x3  
  74  6:31  Adept  
  74  6:32  Adept x2  
  85  6:34  Adept  
  85  6:36  Adept  
  85  6:38  Adept  
  91  6:46  Probe x3  
  94  6:48  Pylon  
  93  7:03  Adept x6  
  105  7:13  Gateway  
  105  7:15  Gateway, Assimilator  
  105  7:18  Assimilator  
  105  7:21  Templar Archives  
  105  7:24  Adept x4  
  105  7:28  Adept x2  
  115  7:47  Adept x4  
  115  7:48  Adept x2  
Show
View Real Time Build Order
Export as new Build Order

llllllllllll Zerg 

Build Orders: Pool First 

Get SALT Encoding   

  12  0:02  Drone  
  13  0:08  Drone  
  14  0:18  Overlord  
  14  0:23  Extractor  
  14  0:24  Drone  
  15  0:36  Drone x2  
  17  0:52  Drone, Spawning Pool  
  17  0:53  Extractor  
  16  0:57  Drone  
  17  1:08  Drone  
  18  1:21  Hatchery  
  18  1:24  Drone  
  18  1:30  Drone  
  19  1:39  Queen  
  19  1:42  Zergling x2  
  22  2:03  Hatchery  
  21  2:09  Drone  
  21  2:13  Overlord  
  22  2:18  Metabolic Boost  
  22  2:33  Drone x3  
  22  2:36  Queen  
  27  2:43  Zergling x2  
  28  2:51  Drone x2  
  28  2:53  Drone  
  28  2:54  Overlord  
  28  2:56  Zergling x2  
  32  3:01  Zergling x4  
  34  3:09  Overlord  
  34  3:14  Queen  
  34  3:15  Drone  
  34  3:19  Drone x2  
  39  3:27  Drone x2  
  39  3:28  Drone  
  39  3:31  Drone  
  43  3:36  Drone  
  43  3:38  Drone  
  45  3:49  Drone x2  
  45  3:50  Drone  
  45  3:54  Overlord  
  45  3:55  Drone x2, Queen  
  51  4:05  Baneling Nest  
  51  4:07  Zergling x8, Extractor  
  52  4:23  Drone, Overlord  
  52  4:24  Drone x7  
  60  4:42  Drone, Overlord  
  60  4:43  Drone x6, Lair  
  67  4:45  Extractor  
  67  4:46  Extractor  
  65  4:56  Overlord  
  65  4:57  Drone x5  
  65  4:58  Drone  
  65  4:59  Overlord  
  71  5:00  Zergling x4  
  73  5:08  Zergling x2, Overlord  
  73  5:09  Zergling x6  
  77  5:15  Baneling x9  
  77  5:17  Baneling  
  77  5:18  Zergling x2  
  77  5:19  Zergling x4  
  80  5:22  Queen  
  80  5:27  Zergling x10  
  87  5:32  Zergling x2  
  88  5:36  Spore Crawler  
  88  5:38  Zergling x12  
  93  5:44  Overseer  
  93  5:46  Hydralisk Den  
  84  6:01  Drone x9  
  84  6:04  Extractor  
  92  6:05  Extractor  
  92  6:06  Overlord x6  
  92  6:09  Overlord  
  91  6:18  Muscular Augments  
  90  6:23  Drone  
  90  6:24  Infestation Pit  
  90  6:28  Drone x2  
  90  6:29  Drone  
  90  6:30  Evolution Chamber, Drone x2  
  90  6:32  Evolution Chamber, Drone  
  94  6:33  Drone x3  
  94  6:38  Drone x2  
  94  6:39  Drone x3  
  102  6:50  Hydralisk x4  
  109  6:55  Hydralisk x2  
  113  7:03  Baneling x3  
  113  7:04  Baneling x2  
  113  7:06  Zergling x6  
  116  7:19  Spire  
  116  7:22  Hydralisk x4  
  115  7:25  Baneling x2  
  115  7:27  Zergling x6  
  126  7:31  Zergling x8  
  126  7:32  Baneling x3  
  130  7:37  Hydralisk  
Tags
 
Add a new tag
Caveats
  • Supply blocks, unpowered buildings, or Contaminate may cause inaccurate times.
  • Supply counts are checked every 10 seconds.